 Dungeon Crawl Stone Soup version 0.24.1-4-ge52af88ad5 (webtiles) character file.

Game seed: 10762622318939998922, levelgen mode: deterministic

37 Descartes the Skirmisher (level 3, 24/24 HPs)
             Began as a Formicid Abyssal Knight on Apr 19, 2020.
             Was a Follower of Lugonu.
             Got out of the dungeon alive.
             The game lasted 00:04:06 (1889 turns).

Descartes the Skirmisher (Formicid Abyssal Knight)  Turns: 1889, Time: 00:04:06

Health: 24/24      AC:  3    Str: 12    XL:     3   Next: 62%
Magic:  4/4        EV: 11    Int: 12    God:    Lugonu [*.....]
Gold:   58         SH:  0    Dex: 10    Spells: 2/2 levels left

rFire    . . .     SeeInvis +   a - +1 falchion
rCold    . . .     Gourm    .   (no shield)
rNeg     . . .     Faith    .   b - +0 leather armour
rPois    .         Spirit   .   (helmet unavailable)
rElec    .         Reflect  .   (no cloak)
rCorr    .         Harm     .   (no gloves)
MR       .....                  (no boots)
Stlth    +.........             (no amulet)
HPRegen  0.08/turn              (no ring)
MPRegen  0.09/turn              (no ring)

@: no status effects
A: permanent stasis, dig shafts and tunnels, four strong arms, antennae 3,
[frail 2], [weak 2]
a: Dig, Shaft Self, Depart the Abyss, Renounce Religion


You escaped.
You worshipped Lugonu.
Lugonu was aware of your devotion.
You were not hungry.

You visited 1 branch of the dungeon, and saw 2 of its levels.
You visited the Abyss 1 time.

You collected 58 gold pieces.

Inventory:

Hand Weapons
 a - a +1 falchion (weapon)
Missiles
 d - 23 stones (quivered)
 f - 19 arrows
Armour
 b - a +0 leather armour (worn)
Scrolls
 e - a scroll of identify {unknown}
 g - a scroll of enchant armour {unknown}
Potions
 h - a potion of might {unknown}
Comestibles
 c - 3 rations


   Skills:
 + Level 4.1 Fighting
 + Level 2.2 Long Blades
 + Level 2.7 Armour
 + Level 0.9 Dodging
 + Level 2.5 Invocations


You had 2 spell levels left.
You didn't know any spells.
Your spell library was empty.

Dungeon Overview and Level Annotations

Branches:
Dungeon (2/15)

Altars:


Innate Abilities, Weirdness & Mutations

You cannot be hasted, slowed, berserked, paralysed or teleported.
You can dig through walls and to a lower floor.
Your four strong arms can wield two-handed weapons with a shield.
You have a pair of large antennae on your head. (SInv)
[You are very frail. (-20% HP)]
[You are very weak. (Str -4)]


Message History

You see here a kobold corpse.
You see here a kobold corpse.
You see here a rat skeleton.
Done exploring.
Done exploring.
There is an open door here.
There is a stone staircase leading down here.
You climb downwards.
There is a stone staircase leading up here.
You can't go down here!
You sense a monster nearby.
There is a stone staircase leading up here.
You climb upwards.
There is a stone staircase leading down here.
You see here a +0 dagger.
There is a staircase leading out of the dungeon here.
Are you sure you want to leave the Dungeon?
This will make you lose the game!
Alright, then stay!
Are you sure you want to leave the Dungeon?
This will make you lose the game!
You have escaped!

#..........).........#
#....#.#.###########.#
#....#.#.####### #.#
#....#.#.#.....#####.#
######...#...#..⌠.....##.#
..........)###.........#.#
..........).#......#.....#
######..>#.........###...#
#+## #...#...#..@..# ##..#
...###...##........###..##
.........##.#......#....#
...###.#.#####.........##
#+## #.#.##..#..⌠.....##
#.# #.#.##..#.....#### #.#
#....#..#######
#.######..#.....#
#.........##.##.#


There were no monsters in sight!

Vanquished Creatures
  An ooze (D:1)
  2 dart slugs (D:1)
  3 leopard geckos (D:1)
  3 bats (D:1)
  4 goblins (D:1)
  4 hobgoblins (D:1)
  A frilled lizard (D:1)
  5 kobolds (D:1)
  2 rats (D:1)
25 creatures vanquished.

Notes
Turn   | Place    | Note
-------+----------+-------------------------------------------
     0 | Abyss:1  | Descartes the Formicid Abyssal Knight began the quest for
                  | the Orb.
     0 | Abyss:1  | Reached XP level 1. HP: 18/18 MP: 2/2
    41 | Abyss:1  | Noticed a worldbinder
    41 | Abyss:1  | Noticed a chaos spawn
    47 | Abyss:1  | Noticed a tarantella
    47 | Abyss:1  | Noticed a tarantella
    56 | Abyss:1  | Noticed a tarantella
    58 | Abyss:1  | Noticed a jumping spider
    60 | Abyss:1  | Noticed a wretched star
    65 | Abyss:1  | Noticed a reaper
    66 | Abyss:1  | Noticed a jumping spider
    66 | D:1      | Escaped the Abyss
   263 | D:1      | Reached XP level 2. HP: 7/19 MP: 3/3
   777 | D:1      | Reached skill level 4 in Fighting
   843 | D:1      | Reached XP level 3. HP: 24/24 MP: 4/4
  1488 | D:1      | Reached * piety under Lugonu
  1889 | D:$      | Got out of the dungeon alive.

Levels and vault maps discovered:
D:1:      dpeg_arrival_arbitrary_c, layout_basic
D:2:      layout_basic, uniq_robin

Skill      XL: |  1  2 |
---------------+-------+-----
Fighting       | 4 |  4.1
Long Blades    | |  2.2
Armour         | |  2.7
Dodging        | |  0.9
Invocations    | |  2.5

Action                   || total
-------------------------++-------
Melee: Falchion          ||    67
Invok: Depart the Abyss  ||     1
  Eat: Chunk             ||     3
Armor: Leather armour    ||    17
Dodge: Dodged            ||    57
       Rpst.: Falchion   ||    16
